[Event "December 19 Late 2023"]
[Site "https://www.chess.com"]
[Date "2023.12.19"]
[Round "4"]
[White "Livaic, Leon"]
[Black "Bold, Andre"]
[Result "1-0"]
[Board "37"]
[TimeControl "180+1"]
[WhiteFideId "14531534"]
[BlackFideId "16208471"]
[WhiteElo "2541"]
[BlackElo "2110"]
[WhiteTeam "CRO"]
[BlackTeam "GER"]
[WhiteClock "0:00:48"]
[BlackClock "0:00:10"]

1. e4 c6 2. d4 d5 3. exd5 cxd5 4. Bd3 Nf6 5. c3 Nc6 6. h3 g6 7. Nf3 Bf5 8. Ne5 Bxd3 9. Nxd3 Bg7 10. Bf4 O-O 11. Nd2 b6 12. O-O Rc8 13. Qf3 e6 14. Rfe1 Qd7 15. Re2 Na5 16. Bg5 Ne8 17. Rae1 Nd6 18. h4 h5 19. g4 hxg4 20. Qxg4 Nf5 21. Nf3 Rce8 22. Bf4 Nc4 23. h5 gxh5 24. Qxh5 f6 25. Kg2 Qf7 26. Qg4 Re7 27. b3 Na5 28. Nb4 Rfe8 29. Kf1 Kf8 30. Nxd5 exd5 31. Qxf5 Rxe2 32. Rxe2 Rxe2 33. Kxe2 Qe7+ 34. Kd3 Qd8 35. Ng5 Kg8 36. Qe6+ 1-0

[Event "December 19 Late 2023"]
[Site "https://www.chess.com"]
[Date "2023.12.19"]
[Round "4"]
[White "Sabuk, Piotr"]
[Black "Fawzy, Adham"]
[Result "1-0"]
[Board "38"]
[TimeControl "180+1"]
[WhiteFideId "1137565"]
[BlackFideId "10613129"]
[WhiteElo "2276"]
[BlackElo "2550"]
[WhiteTeam "POL"]
[BlackTeam "EGY"]
[WhiteClock "0:00:07"]
[BlackClock "0:00:41"]

1. d4 Nf6 2. c4 g6 3. Nc3 d5 4. Nf3 Bg7 5. e3 c6 6. h3 Kf8 7. Be2 Nbd7 8. O-O b6 9. b4 Bb7 10. a4 h6 11. b5 Kg8 12. Ba3 Kh7 13. Qb3 e6 14. Rfc1 Rc8 15. Bd6 dxc4 16. Bxc4 c5 17. d5 exd5 18. Nxd5 Nxd5 19. Bxd5 Bxd5 20. Qxd5 Nf6 21. Qd1 Ne4 22. Be5 Qxd1+ 23. Rxd1 Rhd8 24. Kf1 Nc3 25. Bxc3 Bxc3 26. Rac1 Bb2 27. Rxd8 Rxd8 28. Rc2 Bg7 29. Ke2 g5 30. Nd2 Kg6 31. Nc4 Kf5 32. Rd2 Rxd2+ 33. Kxd2 Ke6 34. Kd3 f5 35. f3 Be5 36. g4 Bc7 37. Nd2 Kf6 38. Kc4 f4 39. e4 Ke6 40. Nb3 Bd6 41. Nc1 Be5 42. Nd3 Bf6 43. a5 Kd6 44. a6 Bd4 45. Nc1 Ke6 46. Nb3 Be5 47. Nd2 Bc7 48. Kd3 Bd6 49. Nc4 Bc7 50. Kc3 Bd8 51. Kd3 Bc7 52. Nb2 Be5 53. Na4 Bc7 54. Kc4 Be5 55. Nxb6 Bc7 56. Na4 Kd6 57. b6 axb6 58. a7 b5+ 59. Kxb5 1-0

[Event "December 19 Late 2023"]
[Site "https://www.chess.com"]
[Date "2023.12.19"]
[Round "4"]
[White "Asish Panda"]
[Black "Wieczorek, Oskar"]
[Result "0-1"]
[Board "39"]
[TimeControl "180+1"]
[WhiteFideId "45012458"]
[BlackFideId "1133950"]
[WhiteElo "1767"]
[BlackElo "2407"]
[WhiteTeam "IND"]
[BlackTeam "POL"]
[WhiteClock "0:00:35"]
[BlackClock "0:00:34"]

1. e4 c5 2. Nf3 e6 3. g3 Nc6 4. Bg2 Nf6 5. d3 Qc7 6. O-O Be7 7. c3 d6 8. Na3 e5 9. h3 O-O 10. Be3 h6 11. Re1 Be6 12. Nc2 d5 13. exd5 Nxd5 14. Bd2 Rad8 15. Qe2 Bf6 16. Rad1 Rfe8 17. Nh2 Qc8 18. g4 Bg5 19. Bxg5 hxg5 20. Bxd5 Bxd5 21. b3 f6 22. Ne3 Nd4 23. cxd4 exd4 24. Qd2 dxe3 25. Rxe3 Bc6 26. Rde1 Qd7 27. Rxe8+ Rxe8 28. Rxe8+ Qxe8 29. Qe3 Qxe3 30. fxe3 Bb5 31. d4 cxd4 32. exd4 Kf7 33. Kf2 Bc6 34. Ke3 Ke6 35. Nf1 Bg2 36. Ng3 Bxh3 37. Kf3 g6 38. Ne4 Bxg4+ 39. Kxg4 f5+ 40. Kxg5 fxe4 41. Kf4 Kd5 42. Ke3 g5 0-1

[Event "December 19 Late 2023"]
[Site "https://www.chess.com"]
[Date "2023.12.19"]
[Round "4"]
[White "Ghasi, Ameet K"]
[Black "O`Gorman, Tom"]
[Result "1-0"]
[Board "40"]
[TimeControl "180+1"]
[WhiteFideId "409200"]
[BlackFideId "2508249"]
[WhiteElo "2558"]
[BlackElo "2288"]
[WhiteTeam "ENG"]
[BlackTeam "IRL"]
[WhiteClock "0:01:31"]
[BlackClock "0:00:45"]

1. c4 c5 2. Nf3 Nc6 3. e3 e5 4. Nc3 Nf6 5. a3 d5 6. cxd5 Nxd5 7. Bb5 Nxc3 8. bxc3 Bd6 9. e4 O-O 10. Bc4 Na5 11. Bd5 c4 12. O-O Qc7 13. d4 cxd3 14. Qxd3 Bd7 15. Rd1 Ba4 16. Re1 Nb3 17. Rb1 Nc5 18. Qe2 Bc6 19. c4 Ne6 20. Bb2 Nf4 21. Qd2 Qe7 22. g3 Nxd5 23. exd5 Bd7 24. Nxe5 Bxe5 25. Bxe5 Qxa3 26. Rxb7 Bh3 27. Qg5 1-0

[Event "December 19 Late 2023"]
[Site "https://www.chess.com"]
[Date "2023.12.19"]
[Round "4"]
[White "Adewumi, Tanitoluwa"]
[Black "Ferreira, Vitor Hugo Vieira"]
[Result "0-1"]
[Board "41"]
[TimeControl "180+1"]
[WhiteFideId "30966396"]
[BlackFideId "2119765"]
[WhiteElo "2325"]
[BlackElo "2123"]
[WhiteTeam "USA"]
[BlackTeam "BRA"]
[WhiteClock "0:00:00"]
[BlackClock "0:00:15"]

1. Nf3 d5 2. b3 Bf5 3. Bb2 c6 4. d3 Nf6 5. g3 h6 6. Bg2 e6 7. O-O Be7 8. Nbd2 Bh7 9. Re1 O-O 10. e4 Nbd7 11. a3 a5 12. Qe2 dxe4 13. dxe4 Nc5 14. Rad1 Qb6 15. Nc4 Qa6 16. e5 Nd5 17. Nd4 b5 18. Nd6 b4 19. Qxa6 Rxa6 20. Bf1 Rb6 21. Nc4 Ra6 22. Nd6 Rb6 23. Nc4 Ra6 24. a4 Rd8 25. Nd6 Rb6 26. Nc4 Ra6 27. Rd2 Ne4 28. Rxe4 Bxe4 29. Nd6 Bxd6 30. exd6 Rb6 31. f3 Bg6 32. f4 c5 33. Nb5 Rbxd6 34. Nxd6 Rxd6 35. Be5 Rd8 36. Kf2 f6 37. Bc7 Ra8 38. Bd6 Nc3 39. Bg2 Be4 40. Ke3 Bxg2 41. Rxg2 Rc8 42. Rd2 c4 43. Be7 Nd5+ 44. Rxd5 exd5 45. Kd4 cxb3 46. cxb3 Rc2 47. Bd8 Rc3 48. Bxa5 Rxb3 49. Kxd5 Ra3 50. Bxb4 Rxa4 51. Bc5 Ra2 52. h4 Rg2 53. Ke4 Rxg3 54. Kf5 h5 55. Bd6 Kf7 56. Bc5 Rg4 57. Bf2 g6+ 58. Ke4 Ke6 59. Kf3 Kf5 60. Be3 Rxh4 61. Bf2 Rh3+ 0-1

[Event "December 19 Late 2023"]
[Site "https://www.chess.com"]
[Date "2023.12.19"]
[Round "4"]
[White "Lin, Bryan Enming"]
[Black "Pakleza, Zbigniew"]
[Result "1-0"]
[Board "42"]
[TimeControl "180+1"]
[WhiteFideId "30987121"]
[BlackFideId "1119290"]
[WhiteElo "2547"]
[BlackElo "2410"]
[WhiteTeam "USA"]
[BlackTeam "POL"]
[WhiteClock "0:00:07"]
[BlackClock "0:00:00"]

1. e4 d6 2. d4 Nf6 3. Nc3 c6 4. Be2 b5 5. a3 Nbd7 6. Be3 e5 7. h3 Be7 8. Nf3 O-O 9. O-O Re8 10. dxe5 dxe5 11. Nh4 Nc5 12. Qxd8 Rxd8 13. Nf5 Bf8 14. f3 g6 15. Nh6+ Kg7 16. Rad1 Re8 17. Ng4 Ng8 18. f4 Bxg4 19. Bxg4 h5 20. Be2 exf4 21. Rxf4 Ne6 22. Rf2 Bc5 23. Bxc5 Nxc5 24. Bf3 Re5 25. b4 Ne6 26. Rd7 Nf6 27. Rb7 a5 28. Rd2 axb4 29. axb4 Ng5 30. Rd6 Ra1+ 31. Kh2 Rc1 32. Rd2 h4 33. Re2 Nxf3+ 34. gxf3 Nh5 35. Rd2 Rg5 36. Ne2 Re1 37. c3 Ng3 38. Nxg3 Rxg3 39. Rf2 Rc1 40. e5 Kf8 41. e6 fxe6 42. Ra2 1-0

[Event "December 19 Late 2023"]
[Site "https://www.chess.com"]
[Date "2023.12.19"]
[Round "4"]
[White "Postny, Evgeny"]
[Black "Tao, Sihan"]
[Result "1/2-1/2"]
[Board "43"]
[TimeControl "180+1"]
[WhiteFideId "2804344"]
[BlackFideId "30982677"]
[WhiteElo "2505"]
[BlackElo "1943"]
[WhiteTeam "ISR"]
[BlackTeam "USA"]
[WhiteClock "0:00:23"]
[BlackClock "0:00:46"]

1. e4 c6 2. d4 d5 3. Nd2 dxe4 4. Nxe4 Nf6 5. Nxf6+ exf6 6. Bd3 Bd6 7. Ne2 O-O 8. O-O Re8 9. Bf4 a5 10. Re1 Na6 11. a3 Nc7 12. c4 Bg4 13. Bxd6 Qxd6 14. Qd2 Ne6 15. d5 cxd5 16. cxd5 Nc5 17. Bc2 Rxe2 18. Rxe2 Bxe2 19. Qxe2 Qxd5 20. Rd1 Qe5 21. Qxe5 fxe5 22. Rd5 Ne6 23. Rxe5 Rc8 24. Bd3 Rc1+ 25. Bf1 b6 26. g3 g6 27. Kg2 Rc5 28. Rxc5 Nxc5 29. Kf3 Kf8 30. Kf4 f6 31. Ke3 Ke7 32. Kd4 Kd6 33. h4 h6 34. Kc4 g5 35. Kb5 Kc7 36. hxg5 hxg5 37. f3 Ne6 38. Kc4 Kd6 39. Bd3 Nc5 40. Bc2 Ne6 41. Bf5 Nc5 42. b4 axb4 43. axb4 Nb7 44. Be4 Nd8 45. Bd5 Nc6 46. Bxc6 Kxc6 47. b5+ Kd6 48. Kd4 f5 49. g4 Ke6 50. gxf5+ Kxf5 51. Kd5 Kf4 52. Kc6 Kxf3 53. Kxb6 g4 54. Kc7 g3 55. b6 g2 56. b7 g1=Q 57. b8=Q Qg3+ 58. Kc8 Qxb8+ 59. Kxb8 1/2-1/2

[Event "December 19 Late 2023"]
[Site "https://www.chess.com"]
[Date "2023.12.19"]
[Round "4"]
[White "Maurizzi, Marc`Andria"]
[Black "Wartiovaara, Oliver"]
[Result "1/2-1/2"]
[Board "44"]
[TimeControl "180+1"]
[WhiteFideId "36083534"]
[BlackFideId "513024"]
[WhiteElo "2417"]
[BlackElo "2214"]
[WhiteTeam "FRA"]
[BlackTeam "FIN"]
[WhiteClock "0:00:39"]
[BlackClock "0:00:23"]

1. d4 Nf6 2. c4 g6 3. Nc3 d5 4. Nf3 Bg7 5. Bf4 c5 6. e3 cxd4 7. Nxd4 O-O 8. Rc1 Nc6 9. cxd5 Nxd5 10. Nxd5 Qxd5 11. Nxc6 bxc6 12. Qxd5 cxd5 13. b3 e5 14. Bg3 Be6 15. Ba6 Rab8 16. O-O Rb6 17. Be2 a5 18. Rc5 Ra8 19. Rb1 Bf8 20. Rb5 Rxb5 21. Bxb5 f6 22. Rc1 Rc8 23. Rxc8 Bxc8 24. f3 Bc5 25. Bf2 Kf7 26. Kf1 Ke7 27. Ke2 Bd7 28. Bd3 Kd6 29. Be1 Bb4 30. Bh4 Ke6 31. e4 d4 32. Bc4+ Ke7 33. f4 exf4 34. e5 g5 35. exf6+ Kxf6 36. Bf2 Bc3 37. h3 Bf5 38. Bd3 Bxd3+ 39. Kxd3 Ke5 40. a3 h5 41. Kc4 Ke4 42. b4 axb4 43. axb4 f3 44. g4 hxg4 45. hxg4 Bxb4 46. Kxb4 Kf4 47. Kc4 Kxg4 48. Kxd4 Kf4 1/2-1/2

[Event "December 19 Late 2023"]
[Site "https://www.chess.com"]
[Date "2023.12.19"]
[Round "4"]
[White "Dyachuk, Artem"]
[Black "Silva, Kaua Marques"]
[Result "1-0"]
[Board "45"]
[TimeControl "180+1"]
[WhiteFideId "34107924"]
[BlackFideId "22701168"]
[WhiteElo "2244"]
[BlackElo "2199"]
[WhiteTeam "UKR"]
[BlackTeam "BRA"]
[WhiteClock "0:00:05"]
[BlackClock "0:00:00"]

1. e4 e6 2. d4 d5 3. Nc3 Bb4 4. e5 c5 5. a3 Bxc3+ 6. bxc3 Ne7 7. Qg4 cxd4 8. Qxg7 Rg8 9. Qxh7 Qa5 10. Ne2 Nbc6 11. h4 Bd7 12. h5 O-O-O 13. Qd3 Nxe5 14. Qxd4 Nc4 15. h6 e5 16. Qh4 Ng6 17. Qf6 Qa4 18. h7 Rge8 19. Qxf7 Qxc2 20. f3 e4 21. Qxg6 Ba4 22. Qf5+ Bd7 23. Qg6 Ba4 24. Bf4 Qb2 25. Rd1 Bxd1 26. Qf5+ Rd7 27. h8=Q 1-0

[Event "December 19 Late 2023"]
[Site "https://www.chess.com"]
[Date "2023.12.19"]
[Round "4"]
[White "Apoorv Kamble"]
[Black "Hirneise, Jens"]
[Result "1-0"]
[Board "46"]
[TimeControl "180+1"]
[WhiteFideId "25683012"]
[BlackFideId "24614734"]
[WhiteElo "1940"]
[BlackElo "2311"]
[WhiteTeam "IND"]
[BlackTeam "GER"]
[WhiteClock "0:01:27"]
[BlackClock "0:01:16"]

1. e4 c6 2. d4 d5 3. Nd2 dxe4 4. Nxe4 Nd7 5. Ng5 e6 6. Bd3 Ngf6 7. N1f3 h6 8. Nxe6 fxe6 9. Bg6+ Ke7 10. O-O Qc7 11. Re1 Kd8 12. c4 Nb6 13. Ne5 Rg8 14. Nf7+ Ke7 15. b3 c5 16. dxc5 Nbd7 17. Ba3 Qc6 18. b4 Qc7 19. b5 Nh7 20. Rxe6+ Kxe6 21. Qd5+ Kf6 22. Qf5+ Ke7 23. Re1+ Ne5 24. Rxe5+ Qxe5 25. c6+ Ke8 26. Qxe5+ Be6 27. Qxe6+ Be7 28. Qxe7# 1-0

[Event "December 19 Late 2023"]
[Site "https://www.chess.com"]
[Date "2023.12.19"]
[Round "4"]
[White "Zimmermann, Ulrich"]
[Black "Rastbod, Ali"]
[Result "0-1"]
[Board "47"]
[TimeControl "180+1"]
[WhiteFideId "24654523"]
[BlackFideId "12567477"]
[WhiteElo "2223"]
[BlackElo "2209"]
[WhiteTeam "GER"]
[BlackTeam "IRI"]
[WhiteClock "0:00:00"]
[BlackClock "0:00:05"]

1. Nf3 c5 2. g3 Nc6 3. Bg2 g6 4. O-O Bg7 5. c4 e6 6. Nc3 Nge7 7. d3 O-O 8. Bg5 h6 9. Bd2 d5 10. Qc1 Kh7 11. Rb1 b6 12. a3 a5 13. Ne1 Bb7 14. Nc2 Nd4 15. b4 axb4 16. axb4 cxb4 17. Nxb4 Qd7 18. e3 Ndf5 19. cxd5 exd5 20. d4 Rfc8 21. Qb2 h5 22. Qb3 Rd8 23. Ra1 Qe6 24. Nd3 g5 25. Rxa8 Rxa8 26. Rb1 Ba6 27. Nb4 Bc4 28. Qc2 Kg8 29. Qb2 Qd6 30. Nc2 Rb8 31. Ra1 b5 32. Qb4 Bf8 33. Qxd6 Nxd6 34. Nb4 g4 35. Nbxd5 Nxd5 36. Nxd5 Bxd5 37. Bxd5 Nc4 38. Be1 Na3 39. Rc1 b4 40. Bb3 Nb5 41. Rc4 Nd6 42. Rxb4 Rc8 43. Ra4 Rc1 44. Kf1 Ne4 45. Ke2 Rb1 46. Bc2 Rb2 47. Kd3 Ng5 48. Bc3 Rb8 49. Bd1 Rb1 50. Kc2 Rb8 51. Ra5 Be7 52. Re5 Bf6 53. Rf5 Kg7 54. d5 Bxc3 55. Kxc3 Ne4+ 56. Kd4 Nd6 57. Rxh5 f5 58. h3 Rb1 59. Bc2 Rb2 60. Bxf5 Rxf2 61. hxg4 Rd2+ 62. Ke5 Nf7+ 63. Ke6 Nd8+ 64. Kd6 Nf7+ 0-1

[Event "December 19 Late 2023"]
[Site "https://www.chess.com"]
[Date "2023.12.19"]
[Round "4"]
[White "D`Arruda, Ricardo D."]
[Black "Sahakyan, Aleks"]
[Result "1-0"]
[Board "48"]
[TimeControl "180+1"]
[WhiteFideId "100692"]
[BlackFideId "13316338"]
[WhiteElo "2535"]
[BlackElo "2292"]
[WhiteTeam "ARG"]
[BlackTeam "ARM"]
[WhiteClock "0:00:01"]
[BlackClock "0:00:00"]

1. d4 Nf6 2. Nf3 d5 3. c4 e6 4. Nc3 dxc4 5. a4 Bb4 6. e3 b6 7. Bxc4 Bb7 8. O-O O-O 9. Qe2 a5 10. Rd1 Ne4 11. Qc2 Nxc3 12. bxc3 Bd6 13. e4 Nd7 14. e5 Be7 15. Bd3 h6 16. Be4 Qc8 17. Bf4 Rd8 18. h4 Nf8 19. h5 Bd5 20. c4 Bxe4 21. Qxe4 c6 22. Rab1 Bb4 23. Be3 Rb8 24. Qg4 Kh8 25. Qf4 Qd7 26. Nd2 Qe7 27. Ne4 Nh7 28. Bd2 Rxd4 29. Bxb4 Rxd1+ 30. Rxd1 axb4 31. Nd6 Kg8 32. Qe4 c5 33. f4 Nf8 34. Qc6 Qh4 35. Qf3 Qe7 36. g3 Qa7 37. Qb3 Ra8 38. Ra1 Qd7 39. Kh2 Qc6 40. Kh3 Nd7 41. Kg4 Nf6+ 42. Kh4 Ne8 43. Nxe8 Rxe8 44. a5 bxa5 45. Rxa5 Qh1+ 46. Kg4 Qc6 47. Qe3 Rc8 48. Rb5 Qc7 49. Qe4 Qc6 50. Qe3 Rd8 51. Qf3 1-0

[Event "December 19 Late 2023"]
[Site "https://www.chess.com"]
[Date "2023.12.19"]
[Round "4"]
[White "Poormosavi, Seyed Kian"]
[Black "Osmak, Yuliia"]
[Result "1-0"]
[Board "49"]
[TimeControl "180+1"]
[WhiteFideId "12585807"]
[BlackFideId "14101602"]
[WhiteElo "2296"]
[BlackElo "2303"]
[WhiteTeam "IRI"]
[BlackTeam "UKR"]
[WhiteClock "0:01:14"]
[BlackClock "0:00:00"]

1. Nf3 d5 2. g3 Nd7 3. d4 Nb6 4. b3 Nf6 5. Bg2 Bf5 6. a4 a5 7. Ba3 g6 8. O-O Bg7 9. Ne5 O-O 10. c4 c6 11. Nc3 Ne4 12. Nxe4 Bxe4 13. f3 Bf5 14. Rc1 Bxe5 15. dxe5 dxc4 16. bxc4 Qxd1 17. Rfxd1 Be6 18. Bxe7 Rfe8 19. Bf6 Nxc4 20. Rb1 Rab8 21. f4 Ne3 22. Rdc1 Nxg2 23. Kxg2 Bd5+ 24. Kf2 b5 25. Rc5 bxa4 26. Rxb8 Rxb8 27. Rxa5 Bb3 28. Ke3 Rc8 29. Be7 h5 30. Kd4 Kh7 31. e4 Rc7 32. Bd6 Rc8 33. h3 Kg7 34. g4 hxg4 35. hxg4 Bd1 36. f5 Bxg4 37. f6+ Kh6 38. Rxa4 Kg5 39. Ra7 Be6 40. Re7 Ba2 41. Kc5 Kf4 42. e6+ Kxe4 43. exf7+ Kf5 44. Re8 Bxf7 45. Rxc8 g5 46. Rxc6 Kxf6 47. Kd4 Kf5 48. Ke3 g4 49. Bg3 Bd5 50. Rc5 Ke6 51. Kf4 1-0

[Event "December 19 Late 2023"]
[Site "https://www.chess.com"]
[Date "2023.12.19"]
[Round "4"]
[White "Stojanovski, Sandi"]
[Black "Zeynalli, Rashad"]
[Result "0-1"]
[Board "50"]
[TimeControl "180+1"]
[WhiteFideId "1403249"]
[BlackFideId "13403320"]
[WhiteElo "2534"]
[BlackElo "2088"]
[WhiteTeam "DEN"]
[BlackTeam "AZE"]
[WhiteClock "0:00:00"]
[BlackClock "0:00:11"]

1. d3 d5 2. Nf3 Nf6 3. g3 e6 4. Bg2 Be7 5. O-O O-O 6. c4 Nc6 7. Bf4 d4 8. Ne5 Nxe5 9. Bxe5 c5 10. Bxf6 Bxf6 11. b4 cxb4 12. a3 Be7 13. Qb3 a5 14. axb4 Bxb4 15. Na3 Qc7 16. Nc2 Bc5 17. Rfb1 Ra7 18. Na3 Bd7 19. Nb5 Bxb5 20. Qxb5 b6 21. Bf3 f5 22. Qc6 Qxc6 23. Bxc6 Rc7 24. Bf3 g5 25. h3 Kg7 26. Rb5 Kg6 27. Kg2 h5 28. g4 fxg4 29. hxg4 h4 30. Be4+ Kf6 31. Rbb1 Ra7 32. Ra4 Ke5 33. Rh1 Raf7 34. Bf3 Kd6 35. Ra2 Bb4 36. Rb1 Kc5 37. Ra4 b5 38. cxb5 Kxb5 39. Ra2 Rc7 40. Rba1 Rfc8 41. e3 dxe3 42. fxe3 Rc2+ 43. Be2 a4 44. Kf3 Rxa2 45. Rxa2 Rf8+ 46. Ke4 Rf2 47. d4+ Ka5 48. Bc4 Rf6 49. Ke5 Rf3 50. e4 h3 51. Bxe6 Bc3 52. Kd5 Rd3 53. Kc4 Rxd4+ 54. Kxc3 Rxe4 55. Bd5 Rxg4 56. Bc6 Kb6 57. Bd5 Kc5 58. Bh1 Rg3+ 59. Kb2 h2 60. Rxa4 Rg1 61. Ba8 g4 62. Rf4 g3 63. Rg4 g2 64. Bxg2 Rxg2+ 65. Rxg2 h1=Q 66. Rc2+ Kb4 67. Rc3 Qh8 68. Ka1 Qxc3+ 69. Ka2 Qd2+ 0-1

[Event "December 19 Late 2023"]
[Site "https://www.chess.com"]
[Date "2023.12.19"]
[Round "4"]
[White "Weetik, Vjacheslav"]
[Black "Senft, Sean"]
[Result "1-0"]
[Board "51"]
[TimeControl "180+1"]
[WhiteFideId "4153472"]
[BlackFideId "2044960"]
[WhiteElo "2469"]
[BlackElo "2005"]
[WhiteTeam "RUS"]
[BlackTeam "USA"]
[WhiteClock "0:00:07"]
[BlackClock "0:00:01"]

1. e4 c5 2. Nf3 d6 3. Bb5+ Bd7 4. Bxd7+ Nxd7 5. O-O Ngf6 6. Re1 e6 7. c4 Be7 8. d4 cxd4 9. Qxd4 Qb6 10. Qd2 O-O 11. Nc3 Rac8 12. b3 Ne5 13. Nd4 Nc6 14. Nf3 Ne5 15. Qe2 Nxf3+ 16. Qxf3 Nd7 17. Be3 Qa5 18. Bd2 Bf6 19. Rad1 Ne5 20. Qg3 Qa6 21. Bg5 Bxg5 22. Qxg5 h6 23. Qe3 Rfd8 24. Rd2 Rd7 25. Red1 Rcd8 26. h3 Nc6 27. Nb5 Ne7 28. Qxa7 Qc6 29. Qa3 Qxe4 30. Nxd6 Qf4 31. c5 Nf5 32. Rd3 e5 33. b4 e4 34. Rd5 g6 35. Nxf5 Rxd5 36. Rxd5 Rxd5 37. Ne7+ Kh7 38. Nxd5 Qe5 39. Ne3 Qa1+ 40. Kh2 Qe5+ 41. Kg1 f5 42. Qb3 f4 43. Qf7+ Kh8 44. Nd5 f3 45. Qf8+ Kh7 46. Nf6+ 1-0

[Event "December 19 Late 2023"]
[Site "https://www.chess.com"]
[Date "2023.12.19"]
[Round "4"]
[White "Vafin, Ayrat"]
[Black "Leiva, Gianmarco"]
[Result "1-0"]
[Board "52"]
[TimeControl "180+1"]
[WhiteFideId "4146530"]
[BlackFideId "3804399"]
[WhiteElo "2317"]
[BlackElo "2338"]
[WhiteTeam "RUS"]
[BlackTeam "PER"]
[WhiteClock "0:00:05"]
[BlackClock "0:00:00"]

1. Nf3 Nf6 2. g3 d5 3. Bg2 Bg4 4. d4 Nbd7 5. O-O c6 6. Nbd2 e6 7. Re1 Be7 8. e4 O-O 9. c3 Bh5 10. Qb3 Qb6 11. exd5 cxd5 12. Nf1 Ne4 13. N3d2 Nef6 14. Nf3 a5 15. Ne5 a4 16. Qc2 Nxe5 17. dxe5 Bg6 18. Qe2 Ne4 19. Be3 Bc5 20. Bxc5 Nxc5 21. Rad1 Rfc8 22. Rd4 a3 23. b3 Nxb3 24. Rb4 Qa5 25. Rxb3 Rxc3 26. Rxc3 Qxc3 27. Qd2 Qxd2 28. Nxd2 Rc8 29. Nb1 Ra8 30. Bf1 Ra4 31. Rc1 h5 32. Nc3 Rb4 33. Nb5 h4 34. Nxa3 Ra4 35. Rc3 d4 36. Rb3 Be4 37. Bc4 h3 38. f3 Bc6 39. Kf2 g5 40. g4 Ra5 41. Kg3 Rxe5 42. Nc2 Rc5 43. Bd3 Bd5 44. Ra3 e5 45. Nb4 Be6 46. Be4 b6 47. Nd3 Rc3 48. Rxc3 dxc3 49. Nxe5 Bxa2 50. Bc2 b5 51. Nc6 Bc4 52. Kxh3 f6 53. Kg3 Kf7 54. f4 Ke6 55. fxg5 fxg5 56. h4 gxh4+ 57. Kxh4 Kd6 58. Nb4 Kc5 59. Na6+ Kd4 60. g5 Ke3 61. g6 1-0

[Event "December 19 Late 2023"]
[Site "https://www.chess.com"]
[Date "2023.12.19"]
[Round "4"]
[White "Benedetti, Julio"]
[Black "Zhu, Jiner"]
[Result "0-1"]
[Board "53"]
[TimeControl "180+1"]
[WhiteFideId "172545"]
[BlackFideId "8608059"]
[WhiteElo "2299"]
[BlackElo "2384"]
[WhiteTeam "ARG"]
[BlackTeam "CHN"]
[WhiteClock "0:00:00"]
[BlackClock "0:01:05"]

1. e4 e6 2. d4 d5 3. e5 c5 4. dxc5 Nd7 5. Nf3 Nxc5 6. Be2 Ne7 7. Bf4 Ng6 8. Bg3 Be7 9. O-O O-O 10. Nbd2 b6 11. c4 Ba6 12. b3 Rc8 13. Rc1 d4 14. Ne1 Bb7 15. Nd3 Nh4 16. Nf3 Nf5 17. Bf4 g5 18. Bg3 Ne4 19. Qc2 h5 20. Nxg5 Bxg5 21. Bxh5 Bxc1 22. Qxc1 Qg5 23. Nf4 d3 24. Bd1 d2 25. Qc2 Rcd8 26. Nh3 Qg7 27. Bf4 Nc3 28. f3 Nxd1 29. Rxd1 Nd4 30. Qxd2 Nxf3+ 0-1

[Event "December 19 Late 2023"]
[Site "https://www.chess.com"]
[Date "2023.12.19"]
[Round "4"]
[White "Boyer, Mahel"]
[Black "Srdanovic, Jovana"]
[Result "1-0"]
[Board "54"]
[TimeControl "180+1"]
[WhiteFideId "45102422"]
[BlackFideId "954810"]
[WhiteElo "2449"]
[BlackElo "2123"]
[WhiteTeam "FRA"]
[BlackTeam "SRB"]
[WhiteClock "0:01:33"]
[BlackClock "0:00:30"]

1. Nf3 d5 2. e3 Nf6 3. c4 c6 4. Nc3 e6 5. b3 Nbd7 6. Qc2 Bd6 7. Bb2 O-O 8. Be2 a6 9. Rg1 e5 10. g4 e4 11. g5 Ng4 12. Rxg4 exf3 13. Bd3 g6 14. Rg1 Bxh2 15. Rh1 Be5 16. cxd5 cxd5 17. Nxd5 Qxg5 18. O-O-O Bxb2+ 19. Qxb2 Ne5 20. Bc2 Ng4 21. Rxh7 Kxh7 22. Rh1+ Nh6 23. Nf6+ Kh8 24. Ne4+ 1-0

[Event "December 19 Late 2023"]
[Site "https://www.chess.com"]
[Date "2023.12.19"]
[Round "4"]
[White "Ang, Ern Jie Anderson"]
[Black "Molenda, Marcin"]
[Result "1-0"]
[Board "55"]
[TimeControl "180+1"]
[WhiteFideId "5736200"]
[BlackFideId "1173065"]
[WhiteElo "1941"]
[BlackElo "2286"]
[WhiteTeam "MAS"]
[BlackTeam "POL"]
[WhiteClock "0:00:11"]
[BlackClock "0:00:01"]

1. d4 Nf6 2. c4 g6 3. g3 c5 4. d5 Bg7 5. Bg2 O-O 6. Nf3 e6 7. Nc3 exd5 8. cxd5 d6 9. O-O a6 10. a4 Re8 11. Bf4 Ne4 12. Nxe4 Rxe4 13. Nd2 Rb4 14. b3 Bg4 15. Rc1 b5 16. h3 g5 17. Be3 Bf5 18. Nf3 h6 19. Bd2 Re4 20. Bc3 Nd7 21. Bxg7 Kxg7 22. Nd2 Rb4 23. e4 Bg6 24. f4 Qf6 25. Kh2 Re8 26. Qg4 Re7 27. axb5 axb5 28. Ra1 Rd4 29. Ra2 c4 30. bxc4 bxc4 31. h4 c3 32. Nf3 Rdxe4 33. hxg5 hxg5 34. Nxg5 Re3 35. f5 Ne5 36. Qh4 Bxf5 37. Ra8 Ng4+ 38. Kg1 Nh6 39. g4 Re2 40. gxf5 R7e3 41. Ne4 c2 42. Qxf6+ Kh7 43. Ng5# 1-0

[Event "December 19 Late 2023"]
[Site "https://www.chess.com"]
[Date "2023.12.19"]
[Round "4"]
[White "Shapiro, Viktor"]
[Black "Goltsev, Dmitry"]
[Result "0-1"]
[Board "56"]
[TimeControl "180+1"]
[WhiteFideId "4175700"]
[BlackFideId "24176710"]
[WhiteElo "2044"]
[BlackElo "2370"]
[WhiteTeam "RUS"]
[BlackTeam "RUS"]
[WhiteClock "0:00:19"]
[BlackClock "0:00:14"]

1. c4 e5 2. Nc3 Nf6 3. g3 c6 4. Bg2 a5 5. Nf3 e4 6. Nd4 d5 7. cxd5 cxd5 8. d3 exd3 9. Qxd3 Nc6 10. O-O Be7 11. Bg5 O-O 12. Rad1 h6 13. Bc1 Ne5 14. Qc2 Bg4 15. h3 Bh5 16. Nf5 Rc8 17. Qb3 Bc5 18. Nxd5 Bxe2 19. Nde7+ Bxe7 20. Rxd8 Bxd8 21. Re1 Nd3 22. Rxe2 Nxc1 23. Qd1 Nxe2+ 24. Qxe2 Re8 25. Qb5 Rc2 26. Bf3 Bc7 27. g4 b6 28. h4 g6 29. Nxh6+ Kg7 30. g5 Re1+ 31. Kg2 Ne4 32. Ng4 Nc5 33. a3 Ne6 34. Bd5 Nf4+ 35. Kf3 Rc5 36. Qb3 Rxd5 37. Qc3+ Be5 38. Nxe5 Rexe5 39. Kxf4 f6 40. gxf6+ Kxf6 41. Kg3 Kf7 42. f3 Re6 43. Qc7+ Re7 44. Qf4+ Rf5 45. Qd4 Re6 46. b4 axb4 47. axb4 Ref6 48. Qe4 Kg8 49. Qc4+ Kg7 50. Qe4 Kh6 51. Qe3+ Kh5 52. Qe4 Rxf3+ 53. Qxf3+ Rxf3+ 54. Kxf3 Kxh4 55. b5 g5 56. Kg2 Kg4 57. Kf2 Kf4 58. Kg2 Ke4 59. Kg3 Kd5 60. Kg4 Kc5 61. Kxg5 Kxb5 62. Kf4 Kc4 63. Ke3 Kc3 0-1

[Event "December 19 Late 2023"]
[Site "https://www.chess.com"]
[Date "2023.12.19"]
[Round "4"]
[White "Annaberdiyev, Meylis"]
[Black "Serban, Cristian-Stefan"]
[Result "1-0"]
[Board "57"]
[TimeControl "180+1"]
[WhiteFideId "14000563"]
[BlackFideId "1241443"]
[WhiteElo "2405"]
[BlackElo "2040"]
[WhiteTeam "TKM"]
[BlackTeam "ROU"]
[WhiteClock "0:00:50"]
[BlackClock "0:00:00"]

1. e4 c5 2. Nf3 d6 3. c3 Nf6 4. Be2 Nc6 5. d4 cxd4 6. cxd4 e6 7. Nc3 Be7 8. O-O O-O 9. Bd3 a6 10. Qe2 b5 11. e5 dxe5 12. dxe5 Nd5 13. Nxd5 exd5 14. h3 Be6 15. Bd2 Qb6 16. Rac1 h6 17. Bf4 Rfc8 18. a3 Nd4 19. Qe3 Nxf3+ 20. Qxf3 Rxc1 21. Rxc1 Bf8 22. Be3 Qd8 23. Bd4 Rc8 24. Rd1 Bc5 25. Qe3 Bxd4 26. Qxd4 Qc7 27. f4 Qc5 28. Qxc5 Rxc5 29. Kf2 g6 30. Ke3 Kf8 31. Rd2 Ke7 32. Rc2 Rxc2 33. Bxc2 Kd7 34. Kd4 Kc6 35. b4 h5 36. h4 Kb6 37. Bb3 Kc6 38. Bd1 Kb6 39. Be2 Kc6 40. Bf3 Kb6 41. Bxd5 a5 42. g3 axb4 43. axb4 1-0